 Dungeon Crawl Stone Soup version 0.29.1-13-g9f3cf754e1 (webtiles) character file.

Game seed: 17665617893728284150

112 Thatpatchoflichen the Shooter (level 4, -4/35 HPs)
             Began as a Demonspawn Hunter on Feb 2, 2023.
             Was an Initiate of Ashenzari.
             Slain by Grinder (8 damage)
             ... on level 3 of the Dungeon.
             The game lasted 00:11:51 (2311 turns).

Thatpatchoflichen the Shooter (Demonspawn Hunter)   Turns: 2311, Time: 00:11:52

Health: -4/35      AC:  8    Str: 12    XL:     4   Next: 64%
Magic:  4/4        EV: 13    Int: 10    God:    Ashenzari [......]
Gold:   125        SH:  0    Dex: 18    Spells: 3/3 levels left

rFire   . . .      SeeInvis .   a - +0 shortbow
rCold   . . .      Faith    .   (shield currently unavailable)
rNeg    + . .      Spirit   .   c - +0 leather armour
rPois   .          Reflect  .   o - +1 helmet
rElec   .          Harm     .   (no cloak)
rCorr   .          Rampage  .   k - +2 pair of gloves
Will    .....                   (no boots)
Stlth   ++........              (no amulet)
HPRegen 0.11/turn               j - ring of positive energy
MPRegen 0.09/turn               (no ring)

@: no status effects
A: demonic magic 1
a: Renounce Religion


You were on level 3 of the Dungeon.
You worshipped Ashenzari.
Ashenzari was noncommittal.
You visited 1 branch of the dungeon, and saw 4 of its levels.

You collected 125 gold pieces.

Inventory:

Hand Weapons
 a - a +0 shortbow (weapon)
 p - a +2 antimagic whip
Armour
 c - a +0 leather armour (worn)
 k - a +2 pair of gloves (worn)
 o - a +1 helmet (worn)
Jewellery
 j - a ring of positive energy (left hand)
Wands
 s - a wand of iceblast (11)
Scrolls
 b - a scroll of immolation
 e - 3 scrolls of identify {unknown}
 f - a scroll of fog {unknown}
 g - a scroll of vulnerability {unknown}
 m - a scroll of teleportation {unknown}
 n - a scroll of enchant armour {unknown}
 q - a scroll of amnesia {unknown}
 r - a scroll of poison {unknown}
Potions
 d - 3 potions of mutation {unknown}
 h - a potion of berserk rage {unknown}
 i - 2 potions of degeneration {unknown}
 l - 3 potions of curing {unknown}
 t - a potion of haste {unknown}


   Skills:
 + Level 3.4 Fighting
 - Level 4.0 Ranged Weapons
 + Level 3.1 Dodging
 - Level 1.0 Stealth


You had 3 spell levels left.
You didn't know any spells.
Your spell library contained the following spells:

 Spells                   Type           Power      Damage    Failure   Level
 Freeze                   Ice            0%         1d3       43%         1
 Frozen Ramparts          Ice            0%         1d1       82%         3
 Cause Fear               Hex            0%         N/A       99%         4
 Hailstorm                Conj/Ice       0%         3d3       99%         4
 Dragon Form              Tmut           0%         N/A       100%        7
 Dragon's Call            Summ           0%         N/A       100%        9


Dungeon Overview and Level Annotations

Branches:
Dungeon (4/15)
 Temple: D:4-7

Altars:
Ashenzari

Shops:
D:1 *!**?

Annotations:
D:3 Grinder


Innate Abilities, Weirdness & Mutations

Spells you cast may paralyse adjacent enemies.


Message History

You resist with significant effort.
Fire: a) +0 shortbow
Press: ? - help, Q - select action, (/) - cycle Shift-Dir - straight line, f/p - Grinder
Aim: Grinder (heavily wounded, 61% to hit)
You shoot an arrow. The arrow barely misses Grinder.
Grinder hits you.
Unknown command.
Fire: a) +0 shortbow
Press: ? - help, Q - select action, (/) - cycle Shift-Dir - straight line, f/p - Grinder
Aim: Grinder (heavily wounded, 61% to hit)
You shoot an arrow. The arrow barely misses Grinder.
Grinder closely misses you.
Unknown command.
Fire: a) +0 shortbow
Press: ? - help, Q - select action, (/) - cycle Shift-Dir - straight line, f/p - Grinder
Aim: Grinder (heavily wounded, 61% to hit)
You shoot an arrow. The arrow completely misses Grinder.
Grinder hits you but does no damage. x2
Unknown command.
Fire: a) +0 shortbow
Press: ? - help, Q - select action, (/) - cycle Shift-Dir - straight line, f/p - Grinder
Aim: Grinder (heavily wounded, 61% to hit)
You shoot an arrow. The arrow hits Grinder.
Grinder is severely wounded.
Grinder closely misses you.
Fire: a) +0 shortbow
Press: ? - help, Q - select action, (/) - cycle Shift-Dir - straight line, f/p - Grinder
Aim: Grinder (severely wounded, 61% to hit)
You shoot an arrow. The arrow closely misses Grinder.
Grinder gestures at you. Pain shoots through your body!
* * * LOW HITPOINT WARNING * * *
Grinder hits you.
* * * LOW HITPOINT WARNING * * *
Fire: a) +0 shortbow
Press: ? - help, Q - select action, (/) - cycle Shift-Dir - straight line, f/p - Grinder
Aim: Grinder (severely wounded, 61% to hit)
You shoot an arrow. The arrow barely misses Grinder.
Grinder hits you!
You die...

...#.###.###########.#
..................##.#
..##...#.########.##.#
.
##.#...########.##.###
+....>...............#
###############.##..##
..........##..#
########..##..#
#@.##..#
.......5.##..#
......#.###..#
.####.#.# #..# # #.#
#.# #.# #.#


You could see Grinder.

Vanquished Creatures
  5 adders (D:2)
  2 worms (D:2)
  7 ball pythons
  4 bats
  3 endoplasms
  4 giant cockroaches (D:1)
  5 goblins
  8 hobgoblins
  4 kobolds
  3 quokkas (D:2)
  11 frilled lizards
  2 rats
58 creatures vanquished.

Notes
Turn   | Place    | Note
-------+----------+-------------------------------------------
     0 | D:1      | Thatpatchoflichen the Demonspawn Hunter began the quest for
                  | the Orb.
     0 | D:1      | Reached XP level 1. HP: 16/16 MP: 1/1
    53 | D:1      | Reached skill level 1 in Stealth
    71 | D:1      | Gained mutation: Spells you cast may paralyse adjacent
                  | enemies. [demonic ancestry]
    71 | D:1      | Reached XP level 2. HP: 14/22 MP: 2/2
   334 | D:1      | Found Dickek's Assorted Antiques.
   563 | D:1      | Found Asibyiph's Assorted Antiques.
   567 | D:1      | Reached XP level 3. HP: 28/28 MP: 3/3
   632 | D:1      | Found Tuuxtug's Magic Scroll Boutique.
   657 | D:1      | Found Atejen's General Store.
   999 | D:1      | Reached skill level 4 in Ranged Weapons
  1458 | D:2      | Reached XP level 4. HP: 22/35 MP: 4/4
  2071 | D:3      | Found a broken altar of Ashenzari.
  2157 | D:3      | Became a worshipper of Ashenzari the Shackled
  2212 | D:4      | Noticed a phantom
  2212 | D:4      | Noticed a scorpion
  2288 | D:3      | Noticed Grinder
  2298 | D:3      | Paralysed by Grinder for 5 turns
  2311 | D:3      | Slain by Grinder

Illustrated notes

Levels and vault maps discovered:
D:1:      dpeg_arrival_long_road, layout_basic, serial_shops, shop,
          nicolae_shop_waterfront, nicolae_shop_waterfront,
          nicolae_diamond_shop, shop, minmay_lizard_pond
D:2:      layout_loops_ring
D:3:      layout_basic, mainiacjoe_overflow_concentric_impassable, uniq_grinder
D:4:      layout_cave_pods

Skill      XL: |  1  2  3  4 |
---------------+-------------+-----
Stealth        | 1 |  1.0
Dodging        | 2 3 |  3.1
Ranged Weapons | 4 |  4.0
Fighting       | 3 |  3.4

Action                   |  1- 3 |  4- 6 || total
-------------------------+-------+-------++-------
 Fire: Shortbow          |   133 |    47 ||   180
Armor: Leather armour    |    31 |    16 ||    47
Dodge: Dodged            |    49 |    16 ||    65
